 Dungeon Crawl Stone Soup version 0.30.0 (webtiles) character file.

Game seed: 13218557045524071916

369451 Seline the Slayer (level 22, -6/160 HPs)
             Began as a Gargoyle Berserker on Nov 24, 2023.
             Was an Elder of Trog.
             Mangled by a rockslime (19 damage)
             ... created by the Royal Jelly
             ... on level 4 of the Pits of Slime.
             The game lasted 03:37:16 (44175 turns).

Seline the Slayer (Gargoyle Berserker)             Turns: 44175, Time: 03:37:16

Health: -6/160     AC: 46    Str: 36    XL:     22   Next: 63%
Magic:  22/22      EV:  9    Int: 10    God:    Trog [****..]
Gold:   3243       SH: 20    Dex:  2    Spells: 21/21 levels left

rFire   + + .        j - +9 hand axe of Ossomuf {heavy, Will+ rCorr Dex-5}
rCold   + . .        C - +3 kite shield
rNeg    + + .        b - +6 plate armour
rPois   ∞            (helmet restricted)
rElec   +            D - +2 cloak
rCorr   +            O - +2 pair of gloves {Str+3}
SInv    .            r - +2 pair of boots {rampage}
Will    ++...        Y - amulet of reflection Stlth
                     Q - ring "Bow Orecuasch" {rF+ rN+ Str+3}
HPRegen 0.46/turn    n - +4 ring of protection
MPRegen 0.18/turn

%: reflection, rampage
@: mighty, resistant, corroded, on berserk cooldown, flying, hasted and slowed,
studying Maces & Flails
A: sickness immunity, AC +16, big wings, negative energy resistance 1,
electricity resistance, torment resistance 1, petrification resistance, horns 1,
clumsy 1, teleportitis 1, subdued magic 1
}: 2/15 runes: serpentine, barnacled
a: Renounce Religion, Berserk, Trog's Hand, Brothers in Arms


You were on level 4 of the Pits of Slime.
You worshipped Trog.
Trog was greatly pleased with you.
You visited 7 branches of the dungeon, and saw 38 of its levels.
You visited the Abyss 3 times.
You also visited: Sewer, Ossuary and Ice Cave.

You collected 5001 gold pieces.
You spent 1758 gold pieces at shops.

Inventory:

Hand Weapons
 j - the +9 hand axe of Ossomuf (weapon) {heavy, Will+ rCorr Dex-5}
   (You took it off a deep elf annihilator on level 3 of the Elven Halls)

   Dex:       It affects your dexterity (-5).
   rCorr:     It protects you from acid and corrosion.
   Will:      It increases your willpower.
 o - a +9 war axe of protection
 x - the +7 sling "Casow" {drain, rF- rN+++ MP-9 Str+3}
   (You found it on level 5 of the Dungeon)

   Str:       It affects your strength (+3).
   rF:        It makes you vulnerable to fire.
   rN:        It renders you almost immune to negative energy.
   MP:        It affects your magic capacity (-9).
 N - a +2 war axe of flaming
 T - the +3 war axe of Ileherch {flame, rF+ SInv}
   (You found it on level 11 of the Dungeon)

   rF:        It protects you from fire.
   SInv:      It lets you see invisible.
Missiles
 m - 30 poisoned darts (quivered)
 y - 10 curare-tipped darts
 A - 3 throwing nets
Armour
 b - a +6 plate armour (worn)
 k - the +0 pair of boots "Ufigge" {rF+ rCorr Int+3 SInv}
   (You acquired it on level 4 of the Dungeon)

   Int:       It affects your intelligence (+3).
   rF:        It protects you from fire.
   SInv:      It lets you see invisible.
   rCorr:     It protects you from acid and corrosion.
 r - a +2 pair of boots of rampaging (worn)
 C - a +3 kite shield (worn)
 D - a +2 cloak (worn)
 O - a +2 pair of gloves of strength (worn)
Jewellery
 n - a +4 ring of protection (right hand)
 q - a ring of protection from cold
 v - a ring of see invisible
 z - a ring of resist corrosion
 L - a ring of fire
 Q - the ring "Bow Orecuasch" (left hand) {rF+ rN+ Str+3}
   (You found it on level 14 of the Dungeon)

   [ring of positive energy]

   Str:       It affects your strength (+3).
   rF:        It protects you from fire.
   rN:        It protects you from negative energy.
 S - a +4 ring of slaying
 W - a +4 ring of protection
 Y - an amulet of reflection (around neck)
Wands
 a - a wand of digging (13)
 f - a wand of roots (17)
 p - a wand of flame (115)
 s - a wand of acid (22)
 H - a wand of polymorph (8)
 P - a wand of paralysis (11)
 X - a wand of mindburst (14)
Scrolls
 u - 21 scrolls of teleportation
 E - 4 scrolls of magic mapping
 G - 11 scrolls of fog
 I - 8 scrolls of poison
 J - 2 scrolls of silence
 K - 8 scrolls of fear
Potions
 c - 3 potions of resistance
 d - 3 potions of cancellation
 e - 6 potions of attraction
 g - 9 potions of curing
 i - 4 potions of berserk rage
 l - 3 potions of magic
 t - 3 potions of might
 B - 3 potions of haste
 F - 6 potions of ambrosia
Miscellaneous
 w - a phial of floods (inert)
 R - a box of beasts
 U - a phantom mirror
 V - a piece from Xom's chessboard (15/15)
 Z - a lightning rod (4/4)


   Skills:
 * Level 23.5 Fighting
 * Level 22.6 Axes
 + Level 0.7 Ranged Weapons
 * Level 21.5 Armour
 + Level 5.9 Dodging
 - Level 1.0 Stealth
 + Level 17.9 Shields
 + Level 1.9 Unarmed Combat


You had 21 spell levels left.
You didn't know any spells.
Your spell library was empty.

Dungeon Overview and Level Annotations

Branches:
Dungeon (15/15)            Temple (0/1) D:5            Lair (5/5) D:9
 Shoals (4/4) Lair:2        Snake (4/4) Lair:3        Slime (5/5) Lair:5
    Orc (2/2) D:9             Elf (3/3) Orc:2        Vaults (0/5) D:13
 Depths (0/4) D:15          Sewer (visited)         Ossuary (visited)
  IceCv (visited)

Altars:
Dithmenos
Elyvilon
Gozag
Okawaru
Qazlal
Sif Muna
Trog
Uskayaw
Wu Jian
Xom
Yredelemnul
Zin
The Shining One
Jiyva

Shops:
D:15 (   Orc:2 :(?:   Elf:1 !   Elf:2 *   Elf:3 :   Snake:4 =::

Portals:
Abyss: Slime:2

Annotations:
Slime:5 Royal Jelly


Innate Abilities, Weirdness & Mutations

You are immune to sickness and miasma.
Your stone body is resilient. (AC +16)
You are immune to poison.
Your large and strong wings let you fly.
You resist negative energy. (rN+)
You are resistant to electric shocks. (rElec)
You are resistant to unholy torment.
You are immune to petrification.
You have a pair of small horns on your head.
You are clumsy. (Dex -2)
You are occasionally teleported next to monsters.
Your spells are a little easier to cast, but a little less powerful.


Message History

The rockslime is almost dead.
You slash the rockslime! The rockslime barely misses you.
You block the rockslime's attack.
You slash the rockslime!
You headbutt the rockslime, but do no damage.
The rockslime is almost dead.
You barely miss the rockslime.
The rockslime is no longer waterlogged.
The rockslime hits you but does no damage.
The rockslime hits you!
* * * LOW HITPOINT WARNING * * *
You are shoved backwards!
You feel better.
The rockslime is no longer waterlogged.
You block the rockslime's attack.
You feel better.
The rockslime hits you but does no damage.
You block the rockslime's attack. The rockslime barely misses you.
You feel better. You block the rockslime's attack. x2
You hit the rockslime but do no damage.
You headbutt the rockslime, but do no damage.
The rockslime is almost dead.
You barely miss the rockslime.
The rockslime hits you but does no damage.
The rockslime hits you!
* * * LOW HITPOINT WARNING * * *
You are shoved backwards!
You slice the rockslime!!
You kill the rockslime!
That felt strangely unrewarding.
You hit the rockslime but do no damage. The rockslime barely misses you.
You feel better.
Your extra speed is starting to run out.
The rockslime hits you.
* * * LOW HITPOINT WARNING * * *
You are shoved backwards!
Acid dripping from the walls corrodes you.
The rockslime hits you!
* * * LOW HITPOINT WARNING * * *
You are shoved backwards!
You feel better. The rockslime hits you!!
You die...

...................#
#...<..............#
###................##
.#.......#...>......#
..#...#.####.......##
.##....####........##
.##......###........#
..#................##
...........<...J@..#
...................##
#..............#....#
####..........#.....#
##.#...<...#....##
#...#...........#
##.##.....##.#.##
#####.#..####.#
#......# ...


You could see a rockslime.

Vanquished Creatures
  Saint Roka (Elf:2)
  Vashnia (Snake:2)
  Bai Suzhen (Shoals:4)
  A bone dragon (Abyss:2)
  Jorgrun (Elf:2)
  A deep elf blademaster (Elf:3)
  2 tentacled starspawn (Abyss:2)
  17 acid blobs
  2 deep elf master archers (Elf:3)
  A sphinx (D:15)
  Asterion (Elf:2)
  Frances (D:13)
  Polyphemus (Shoals:3)
  The ghost of Caterwaul the Spry, an adept MfMo of the Shining One (Snake:3)
  4 krakens
  Kirke (D:12)
  Gastronok (D:8)
  Agnes (D:14)
  A fire giant (D:15)
  7 nagarajas
  13 azure jellies
  7 deep elf sorcerers (Elf:3)
  16 rockslimes
  Louise (Shoals:3)
  A frost giant (D:15)
  4 deep elf elementalists (Elf:3)
  Aizul (Shoals:1)
  2 orc warlords (Orc:2)
  4 very ugly things
  18 quicksilver oozes
  A deep elf demonologist (Elf:3)
  The ghost of Endbringerleviathan the Thaumaturge, a journeyman NaFE of Gozag (Lair:3)
  A dire elephant (Lair:1)
  9 deep elf annihilators
  The ghost of Qucvyi Areg the Grappler, a journeyman DrTm of Yredelemnul (Lair:2)
  2 starcursed masses (Abyss:2)
  A blizzard demon (Abyss:3)
  3 deep elf death magi (Elf:3)
  Josephine (D:12)
  4 merfolk javelineers
  7 merfolk impalers
  2 yaktaur captains
  7 deep elf high priests (Elf:3)
  3 ice dragons (D:15)
  6 salamander tyrants
  8 hydras
  3 great orbs of eyes
  A rakshasa (D:15)
  2 merfolk avatars
  An ogre mage (D:15)
  10 anacondas
  4 boulder beetles
  11 two-headed ogres
  16 naga warriors
  5 centaur warriors
  18 dancing weapons
  3 alligator snapping turtles
  5 catoblepae
  13 death yaks
  4 merfolk aquamancers
  22 naga sharpshooters
  4 thrashing horrors (Abyss:2)
  3 orc high priests
  15 deep elf knights
  12 shock serpents
  8 skysharks
  A sixfirhy (Abyss:2)
  4 wretched stars
  Amaemon (D:9)
  Lodul (D:11)
  12 sea snakes
  5 salamander mystics
  12 deep elf archers
  A wizard (D:14)
  22 harpies
  9 naga ritualists
  24 deep elf zephyrmancers
  18 ugly things
  4 orc knights (Orc:2)
  Pikel (D:6)
  9 mana vipers
  30 deep elf pyromancers
  4 shining eyes
  11 cyclopes
  3 orc sorcerers (Orc:2)
  19 fauns
  2 worldbinders
  A will-o-the-wisp (Abyss:3)
  18 elephants
  36 salamanders
  15 manticores
  Joseph (D:9)
  A guardian serpent (shapeshifter) (D:13)
  A moth of wrath (Lair:2)
  10 merfolk sirens
  A demonic crawler (Abyss:3)
  2 water nymphs (Shoals:4)
  2 ice statues (IceCv)
  Maurice (Orc:2)
  6 smoke demons
  43 black mambas
  An eye of devastation (Slime:4)
  3 guardian serpents
  2 orange demons
  7 cane toads
  17 naga magi
  A gargoyle (D:13)
  Maggie (D:6)
  An unseen horror (shapeshifter) (D:14)
  3 kobold demonologists
  Psyche (D:8)
  2 freezing wraiths (D:14)
  9 rime drakes
  12 komodo dragons
  2 yaktaurs (D:13)
  2 efreet (D:15)
  10 trolls
  A wolf spider simulacrum (D:15)
  31 merfolk
  6 wind drakes
  5 hornets
  4 polar bears
  An ice devil (Abyss:3)
  4 hellwings
  4 saltlings (Orc:2)
  14 blink frogs
  8 raiju
  Prince Ribbit (D:7)
  18 dream sheep
  9 snapping turtles
  2 air elementals (Elf:1)
  142 slime creatures
  12 large abominations
  18 water elementals
  8 spriggans
  A shadow (Abyss:2)
  3 fire elementals
  6 wraiths
  3 wyverns (D:9)
  A human (shapeshifter) (Abyss:3)
  2 vampires
  53 yaks
  2 hogs (D:12)
  11 golden eyes
  Grum (D:8)
  2 basilisks (Lair:1)
  2 fire bats (Abyss:3)
  2 vampire mosquitoes (D:13)
  2 neqoxecs (Abyss:2)
  3 wargs
  2 chaos spawn (Abyss:2)
  A death yak simulacrum (IceCv)
  A spatial vortex (Abyss:2)
  70 nagas
  6 water moccasins
  Duvessa (D:6)
  A sky beast (D:7)
  A swamp drake (D:9)
  23 orc warriors
  11 small abominations
  4 ice beasts
  3 black bears
  9 wolves
  20 centaurs
  A boggart (Lair:3)
  15 ogres
  A kobold brigand (D:9)
  An elf zombie (Ossuary)
  11 bullfrogs
  3 earth elementals (Elf:1)
  6 scorpions
  2 gnoll sergeants
  7 wights
  Dowan (D:6)
  15 killer bees
  3 howler monkeys
  3 electric eels (Lair:1)
  A human zombie (Ossuary)
  2 quasits
  20 orc priests
  3 hounds
  3 iron imps
  Crazy Yiuf (D:6)
  2 iguanas
  20 orc wizards
  5 hell rats
  2 polar bear simulacra
  2 wolf simulacra
  A boggart simulacrum (D:15)
  3 mummies (Ossuary)
  10 gnolls
  4 river rats
  13 adders
  2 shadow imps (D:6)
  3 white imps
  5 ufetubi
  2 adder zombies (Ossuary)
  5 dart slugs
  68 orcs
  10 bats
  9 endoplasms
  4 giant cockroaches
  6 goblins
  8 hobgoblins
  10 kobolds
  4 quokkas
  28 ball pythons
  3 frilled lizards
  A goblin zombie (Ossuary)
  5 hobgoblin zombies (Ossuary)
  2 kobold zombies (Ossuary)
  An orc zombie (Ossuary)
  2 quokka zombies (Ossuary)
  24 rats
  3 rat zombies (Ossuary)
  A lurking horror (Abyss:3)
  4 starspawn tentacles (Abyss:2)
  6 tentacles
1648 creatures vanquished.

Vanquished Creatures (collateral kills)
  3 acid blobs
  3 azure jellies
  3 quicksilver oozes
  A deep elf annihilator (Elf:3)
  A deep elf high priest (Elf:3)
  2 naga warriors (Snake:4)
  6 dancing weapons (Elf:2)
  A deep elf knight (Elf:2)
  Sonja (D:13)
  2 deep elf archers (Elf:2)
  An obsidian statue (Snake:3)
  An orc knight (Orc:2)
  2 mana vipers (Snake:3)
  2 deep elf zephyrmancers (Elf:2)
  2 deep elf pyromancers (Elf:2)
  A salamander (Snake:3)
  A guardian serpent (Snake:3)
  2 naga magi
  3 black mambas (Snake:3)
  A cane toad (Lair:1)
  12 slime creatures
  A hog (D:12)
  3 nagas
  A warg (Elf:2)
  A black bear (Lair:3)
  An earth elemental (Elf:3)
  An orc (Elf:2)
59 creatures vanquished.

Vanquished Creatures (others)
  A dancing weapon (Elf:2)
  A deep elf knight (Elf:2)
  A deep elf zephyrmancer (Elf:1)
  A lindwurm (Lair:4)
  An ugly thing (IceCv)
  A naga (Snake:4)
  2 orcs (Elf:2)
  3 foxfires (Abyss:3)
  17 fungi
  A lurking horror (Slime:2)
  2 pillars of salt (Orc:2)
  159 plants
  3 starspawn tentacles (Abyss:2)
  15 tentacles
208 creatures vanquished.

Grand Total: 1915 creatures vanquished

Notes
Turn   | Place    | Note
-------+----------+-------------------------------------------
     0 | D:1      | Seline the Gargoyle Berserker began the quest for the Orb.
     0 | D:1      | Reached XP level 1. HP: 14/14 MP: 1/1
    82 | D:1      | Reached XP level 2. HP: 15/19 MP: 2/2
   654 | D:2      | Reached XP level 3. HP: 24/24 MP: 3/3
   736 | D:2      | Reached ** piety under Trog
   851 | D:2      | Reached XP level 4. HP: 29/29 MP: 4/4
  1410 | D:3      | Found a bloodstained altar of Trog.
  1499 | D:3      | Reached XP level 5. HP: 33/33 MP: 5/5
  1618 | D:3      | Found a glowing drain.
  1625 | D:3      | Reached skill level 1 in Stealth
  1633 | Sewer    | Entered a sewer
  1659 | Sewer    | Reached skill level 4 in Fighting
  1768 | Sewer    | Reached *** piety under Trog
  1899 | Sewer    | Reached XP level 6. HP: 37/38 MP: 6/6
  2433 | D:3      | Reached skill level 5 in Axes
  2597 | D:4      | Identified a scroll of acquirement
  2597 | D:4      | Acquired the +0 pair of boots "Ufigge" {rF+ rCorr Int+3
                  | SInv}
  2718 | D:4      | Reached XP level 7. HP: 40/44 MP: 7/7
  2903 | D:4      | Reached skill level 5 in Fighting
  2907 | D:4      | Reached **** piety under Trog
  3534 | D:5      | Entered Level 5 of the Dungeon
  3578 | D:5      | Identified the +4 chain mail of Adeequla {rElec Will- Dex+7
                  | Stlth+}
  3610 | D:5      | Found a staircase to the Ecumenical Temple.
  3616 | D:5      | Identified the +7 sling "Casow" {drain, rF- rN+++ MP-9
                  | Str+3}
  3768 | D:5      | Reached XP level 8. HP: 50/50 MP: 8/8
  3977 | D:5      | Reached skill level 6 in Fighting
  4434 | D:5      | Found a hide-covered altar of Uskayaw.
  4590 | D:6      | Noticed Pikel
  4602 | D:6      | Killed Pikel
  4603 | D:6      | Reached skill level 5 in Armour
  4603 | D:6      | Reached XP level 9. HP: 39/56 MP: 9/9
  4682 | D:6      | Noticed Dowan
  4684 | D:6      | Noticed Duvessa
  4688 | D:6      | Killed Dowan
  4697 | D:6      | Killed Duvessa
  4698 | D:6      | Reached skill level 7 in Fighting
  4795 | D:6      | Noticed Maggie
  4813 | D:6      | Killed Maggie
  5258 | D:6      | Found a runed translucent door.
  5259 | D:6      | Noticed Crazy Yiuf
  5292 | D:6      | Killed Crazy Yiuf
  5509 | D:7      | Found a sand-covered staircase.
  5514 | Ossuary  | Entered an ossuary
  5776 | D:7      | Noticed a troll
  5782 | D:7      | Killed a troll
  5845 | D:7      | Noticed Prince Ribbit
  5862 | D:7      | Killed Prince Ribbit
  5863 | D:7      | Reached skill level 8 in Fighting
  5863 | D:7      | Reached skill level 1 in Shields
  5863 | D:7      | Reached XP level 10. HP: 41/64 MP: 10/10
  6276 | D:8      | Noticed Gastronok
  6290 | D:8      | Killed Gastronok
  6474 | D:8      | Noticed Grum
  6491 | D:8      | Killed Grum
  6703 | D:8      | Found a shadowy altar of Dithmenos.
  6741 | D:8      | Reached skill level 9 in Fighting
  6757 | D:8      | Reached ***** piety under Trog
  6768 | D:8      | Noticed Psyche
  6785 | D:8      | Killed Psyche
  6786 | D:8      | Reached skill level 10 in Axes
  6844 | D:8      | Identified the +1 ring mail "Vuezeygu" {Regen+ rCorr Str+2}
  7280 | D:9      | Found a staircase to the Orcish Mines.
  7388 | D:9      | Noticed Joseph
  7416 | D:9      | Killed Joseph
  7417 | D:9      | Reached XP level 11. HP: 42/71 MP: 11/11
  7439 | D:9      | Noticed Amaemon
  7607 | D:9      | Noticed a cyclops
  7615 | D:9      | Killed a cyclops
  7763 | D:9      | Killed Amaemon
  7920 | D:9      | Found a stormy altar of Qazlal.
  7922 | D:9      | Found an ornate altar of the Wu Jian Council.
  7971 | D:9      | Found a basalt altar of Yredelemnul.
  8218 | D:9      | Reached skill level 10 in Armour
  8218 | D:9      | Reached skill level 1 in Unarmed Combat
  8240 | D:9      | Reached skill level 10 in Fighting
  8272 | D:9      | Found a staircase to the Lair.
  8504 | D:9      | Found a shimmering altar of Xom.
  8693 | D:10     | Entered Level 10 of the Dungeon
  8938 | D:10     | Noticed a two-headed ogre
  8948 | D:10     | Killed a two-headed ogre
  9287 | D:11     | Noticed a soul eater
  9298 | D:11     | Noticed a cyan ugly thing
  9398 | D:10     | Killed a cyan ugly thing
  9400 | D:10     | Received a gift from Trog
  9527 | D:11     | Reached XP level 12. HP: 71/79 MP: 12/12
  9760 | D:11     | Noticed a two-headed ogre
  9772 | D:11     | Killed a two-headed ogre
  9947 | D:11     | Noticed Lodul
  9959 | D:11     | Killed Lodul
 10029 | D:11     | Reached skill level 11 in Fighting
 10485 | D:11     | Identified the +3 war axe of Ileherch {flame, rF+ SInv}
 10955 | D:12     | Noticed Kirke
 11090 | D:12     | You fall into a shaft and drop 2 floors!
 11166 | D:14     | Acquired a +1 pair of gloves of strength
 11177 | D:14     | Noticed a six-headed hydra
 11189 | D:14     | Killed a one-headed hydra
 11265 | Abyss:2  | Cast into level 2 of the Abyss (a wizard)
 11281 | D:14     | Escaped the Abyss
 11425 | D:14     | Noticed a six-headed hydra
 11428 | D:14     | Noticed a centaur warrior
 11435 | D:14     | Killed a one-headed hydra
 11436 | D:14     | Reached XP level 13. HP: 74/85 MP: 13/13
 11450 | D:14     | Reached skill level 12 in Fighting
 11512 | D:14     | Noticed Agnes
 11764 | D:14     | Identified the ring "Bow Orecuasch" {rF+ rN+ Str+3}
 11852 | D:14     | Reached skill level 5 in Shields
 11922 | D:14     | Found a white marble altar of Elyvilon.
 11924 | D:14     | Found a glowing golden altar of the Shining One.
 11925 | D:14     | Found a glowing silver altar of Zin.
 12335 | D:13     | Noticed Frances
 12347 | D:13     | Killed Frances
 12588 | D:13     | Noticed Sonja
 12599 | D:13     | Noticed a yaktaur captain
 12609 | D:13     | Killed a yaktaur captain
 12633 | D:13     | Found a gate to the Vaults.
 12654 | D:13     | Killed Sonja
 12963 | D:13     | Reached skill level 13 in Fighting
 13021 | D:13     | Found a stormy altar of Qazlal.
 13221 | D:12     | Killed Kirke
 13338 | D:12     | Noticed Josephine
 13344 | D:12     | Killed Josephine
 13348 | D:12     | Reached skill level 5 in Dodging
 13357 | D:12     | Gained mutation: Your large and strong wings let you fly.
                  | [Gargoyle growth]
 13357 | D:12     | Reached XP level 14. HP: 94/94 MP: 14/14
 13571 | D:14     | You are sucked into a shaft and drop 1 floor!
 13571 | D:15     | Entered Level 15 of the Dungeon
 13687 | D:15     | Found Ecovust's Weapon Emporium.
 14006 | D:15     | Found a staircase to the Depths.
 14569 | D:15     | Reached skill level 14 in Fighting
 14624 | D:15     | Found an iron altar of Okawaru.
 14933 | D:15     | Found a runed translucent door.
 14934 | D:15     | Noticed a sphinx
 14948 | D:15     | Paralysed by a sphinx for 2 turns
 14954 | D:15     | Killed a sphinx
 14972 | D:15     | Noticed a fire giant
 14986 | D:15     | Killed a fire giant
 15023 | D:15     | Noticed a frost giant
 15040 | D:15     | Killed a frost giant
 15371 | D:14     | Killed Agnes
 15773 | Lair:1   | Entered Level 1 of the Lair of Beasts
 16374 | Lair:1   | Noticed a dire elephant
 16387 | Lair:1   | Killed a dire elephant
 16410 | Lair:1   | Reached XP level 15. HP: 91/101 MP: 15/15
 16581 | Lair:2   | Reached skill level 15 in Axes
 16781 | Lair:2   | Reached skill level 15 in Fighting
 16852 | Lair:2   | Found a staircase to the Shoals.
 17194 | Lair:2   | Found a transporter.
 17200 | Lair:2   | Noticed Qucvyi Areg's ghost (journeyman DrTm)
 17217 | Lair:2   | Found a transporter.
 17245 | Lair:2   | Found a bloodstained altar of Trog.
 17589 | Lair:3   | Found a staircase to the Snake Pit.
 17659 | Lair:3   | Found a runed translucent door.
 17661 | Lair:3   | Noticed Endbringerleviathan's ghost (journeyman NaFE)
 17662 | Lair:3   | Identified the +8 trident "Hierodwe" {protect, Dex+4}
 17747 | Lair:3   | Received a gift from Trog
 17809 | Lair:3   | Reached skill level 15 in Armour
 17827 | Lair:3   | Found a frozen archway.
 17838 | IceCv    | Entered an ice cave
 17848 | IceCv    | Found a transporter.
 17853 | IceCv    | Identified the +2 quarterstaff of Indomitability {flame,
                  | rElec rC+}
 17858 | IceCv    | Found a transporter.
 18575 | Lair:3   | Killed Endbringerleviathan's ghost
 18672 | Lair:4   | You are sucked into a shaft and drop 1 floor!
 18672 | Lair:5   | Entered Level 5 of the Lair of Beasts
 18792 | Lair:5   | Reached skill level 16 in Fighting
 18991 | Lair:5   | Reached XP level 16. HP: 101/110 MP: 16/16
 19009 | Lair:5   | Reached ****** piety under Trog
 19277 | Lair:5   | Found a viscous altar of Jiyva.
 19277 | Lair:5   | Found a staircase to the Slime Pits.
 19586 | Lair:5   | Received a gift from Trog
 20637 | Snake:1  | Entered Level 1 of the Snake Pit
 20726 | Snake:1  | Reached skill level 10 in Shields
 20728 | Snake:1  | Reached skill level 17 in Fighting
 20835 | Snake:1  | Received a gift from Trog
 22347 | Snake:2  | Reached XP level 17. HP: 94/118 MP: 17/17
 22804 | Snake:2  | Received a gift from Trog
 22844 | Snake:2  | Noticed Vashnia
 22893 | Snake:2  | Killed Vashnia
 23161 | Snake:2  | Reached skill level 18 in Fighting
 24002 | Snake:3  | Found a runed translucent gate.
 24002 | Snake:3  | Found a runed translucent gate.
 24014 | Snake:3  | Found a runed translucent gate.
 24016 | Snake:3  | Found an opulent altar of Gozag.
 24106 | Snake:3  | Received a gift from Trog
 24621 | Snake:3  | Noticed Caterwaul's ghost (adept MfMo)
 24664 | Snake:3  | Gained mutation: Armour fits poorly on your strangely
                  | shaped body. [a neqoxec]
 24668 | Snake:3  | Killed Caterwaul's ghost
 24714 | Snake:3  | Lost mutation: Armour fits poorly on your strangely shaped
                  | body. [potion of mutation]
 24714 | Snake:3  | Gained mutation: Your flesh is cold resistant. (rC+)
                  | [potion of mutation]
 24745 | Snake:4  | Entered Level 4 of the Snake Pit
 24839 | Snake:4  | Reached XP level 18. HP: 126/126 MP: 18/18
 25320 | Snake:4  | Reached skill level 19 in Fighting
 25352 | Snake:4  | Received a gift from Trog
 25810 | Snake:4  | Got a serpentine rune of Zot
 26099 | Snake:4  | Found Myicviff's Jewellery Shop.
 26100 | Snake:4  | Found Ric Cueso's Book Emporium.
 26100 | Snake:4  | Found Bugonoom's Book Emporium.
 26337 | Lair:2   | Killed Qucvyi Areg's ghost
 26340 | Lair:2   | Identified the staff of fire "Ucempaew" {*Slow rPois rF+
                  | rN+ Str+5}
 26423 | Shoals:1 | Entered Level 1 of the Shoals
 26484 | Shoals:1 | Identified the +1 robe "Munoripp" {Int+6}
 26838 | Shoals:1 | Noticed Aizul
 26853 | Shoals:1 | Killed Aizul
 27478 | Shoals:2 | Reached XP level 19. HP: 134/134 MP: 19/19
 28319 | Shoals:3 | Received a gift from Trog
 28422 | Shoals:3 | Noticed Louise
 28423 | Shoals:3 | Reached skill level 20 in Fighting
 28461 | Shoals:3 | Killed Louise
 28815 | Shoals:3 | Noticed Polyphemus
 28835 | Shoals:3 | Killed Polyphemus
 28879 | Shoals:3 | Reached skill level 15 in Shields
 29224 | Shoals:3 | Found a glowing golden altar of the Shining One.
 29487 | Shoals:4 | Entered Level 4 of the Shoals
 29487 | Shoals:4 | Noticed Bai Suzhen
 29495 | Shoals:4 | Received a gift from Trog
 29515 | Shoals:4 | Killed Bai Suzhen
 30062 | Shoals:4 | Got a barnacled rune of Zot
 30808 | Shoals:4 | Received a gift from Trog
 31792 | Orc:1    | Entered Level 1 of the Orcish Mines
 32086 | Orc:2    | Entered Level 2 of the Orcish Mines
 32210 | Orc:2    | Noticed Maurice
 32224 | Orc:2    | Killed Maurice
 32296 | Orc:2    | Found a staircase to the Elven Halls.
 32398 | Orc:2    | Reached XP level 20. HP: 140/142 MP: 20/20
 32664 | Orc:2    | Found Syesuith's Magic Scroll Shoppe.
 32709 | Orc:2    | Found Jogudo's Weapon Shoppe.
 32872 | Orc:2    | Found Roti's Book Boutique.
 32995 | Orc:2    | Found Vebyuc's Book Shoppe.
 33245 | Elf:1    | Entered Level 1 of the Elven Halls
 33346 | Elf:1    | Reached skill level 21 in Fighting
 33464 | Elf:1    | Received a gift from Trog
 33607 | Elf:1    | Found Nezo's Distillery.
 33619 | Elf:1    | Bought a potion of curing for 39 gold pieces
 33619 | Elf:1    | Bought a potion of curing for 39 gold pieces
 33619 | Elf:1    | Bought a potion of heal wounds for 65 gold pieces
 33619 | Elf:1    | Bought a potion of curing for 39 gold pieces
 33619 | Elf:1    | Bought a potion of might for 52 gold pieces
 33750 | Elf:1    | Found a shimmering blue altar of Sif Muna.
 34378 | Elf:2    | Found Ruushrecs's General Store.
 34382 | Elf:2    | Received a gift from Trog
 34423 | Elf:2    | Bought a scroll of enchant armour for 82 gold pieces
 34423 | Elf:2    | Bought a scroll of blinking for 82 gold pieces
 34447 | Elf:2    | Found a huge runed translucent gate.
 34447 | Elf:2    | Found a huge runed translucent gate.
 34451 | Elf:2    | Found a huge runed translucent gate.
 34452 | Elf:2    | Found a huge runed translucent gate.
 34453 | Elf:2    | Found a huge runed translucent gate.
 35035 | Elf:2    | Noticed Asterion
 35073 | Elf:2    | Killed Asterion
 35477 | Elf:2    | Noticed Jorgrun
 35486 | Elf:2    | Received a gift from Trog
 35491 | Elf:2    | Killed Jorgrun
 35658 | Elf:2    | Noticed Saint Roka
 35684 | Elf:2    | Killed Saint Roka
 35921 | Elf:3    | Entered Level 3 of the Elven Halls
 35922 | Elf:3    | Found Edaerre's Book Shoppe.
 35930 | Elf:3    | Bought a manual of Axes for 1360 gold pieces
 35993 | Elf:3    | Reached XP level 21. HP: 150/150 MP: 21/21
 36130 | Elf:3    | Reached skill level 22 in Fighting
 36371 | Abyss:2  | Cast into level 2 of the Abyss (a deep elf sorcerer)
 36453 | Abyss:2  | Received a gift from Trog
 36547 | Abyss:2  | Lost mutation: Your flesh is cold resistant. (rC+) [potion
                  | of mutation]
 36547 | Abyss:2  | Gained mutation: Potions are less effective at restoring
                  | your health. [potion of mutation]
 36547 | Abyss:2  | Lost mutation: Potions are less effective at restoring your
                  | health. [potion of mutation]
 36547 | Abyss:2  | Gained mutation: You passively map a small area around you.
                  | [potion of mutation]
 36547 | Abyss:2  | Gained mutation: You have very sharp teeth. [potion of
                  | mutation]
 36548 | Abyss:2  | Lost mutation: You have very sharp teeth. [potion of
                  | mutation]
 36548 | Abyss:2  | Lost mutation: You passively map a small area around you.
                  | [potion of mutation]
 36548 | Abyss:2  | Gained mutation: You sometimes lose your temper in combat.
                  | [potion of mutation]
 36548 | Abyss:2  | Gained mutation: You have hidden genetic potential. [potion
                  | of mutation]
 36549 | Abyss:2  | Lost mutation: You have hidden genetic potential. [potion
                  | of mutation]
 36549 | Abyss:2  | Lost mutation: You sometimes lose your temper in combat.
                  | [potion of mutation]
 36549 | Abyss:2  | Gained mutation: You are somewhat resistant to further
                  | mutation. [potion of mutation]
 36549 | Abyss:2  | Gained mutation: You are strong-willed. (Will+) [potion of
                  | mutation]
 36550 | Abyss:2  | Lost mutation: You are strong-willed. (Will+) [potion of
                  | mutation]
 36550 | Abyss:2  | Lost mutation: You are somewhat resistant to further
                  | mutation. [potion of mutation]
 36550 | Abyss:2  | Gained mutation: Your spells are a little harder to cast,
                  | but a little more powerful. [potion of mutation]
 36550 | Abyss:2  | Gained mutation: Your flesh is heat resistant. (rF+)
                  | [potion of mutation]
 36551 | Abyss:2  | Lost mutation: Your flesh is heat resistant. (rF+) [potion
                  | of mutation]
 36551 | Abyss:2  | Lost mutation: Your spells are a little harder to cast, but
                  | a little more powerful. [potion of mutation]
 36551 | Abyss:2  | Gained mutation: You are weak. (Str -2) [potion of
                  | mutation]
 36551 | Abyss:2  | Gained mutation: You have a pair of small horns on your
                  | head. [potion of mutation]
 36554 | Abyss:2  | Lost mutation: You are weak. (Str -2) [potion of mutation]
 36554 | Abyss:2  | Lost mutation: You have a pair of small horns on your head.
                  | [potion of mutation]
 36554 | Abyss:2  | Gained mutation: You have a pair of small horns on your
                  | head. [potion of mutation]
 36610 | Abyss:2  | Found a corrupted altar of Lugonu.
 36689 | Abyss:2  | Noticed a bone dragon
 36691 | Abyss:2  | Gained mutation: Your spells are a little easier to cast,
                  | but a little less powerful. [a neqoxec]
 36694 | Abyss:2  | Gained mutation: You are occasionally teleported next to
                  | monsters. [a neqoxec]
 36700 | Abyss:2  | Killed a bone dragon
 36813 | Abyss:2  | Found a hazy altar of Hepliaklqana.
 36864 | Elf:3    | Escaped the Abyss
 37233 | Abyss:2  | Cast into level 2 of the Abyss (a deep elf sorcerer)
 37277 | Abyss:2  | Received a gift from Trog
 37340 | Abyss:2  | Found a corrupted altar of Lugonu.
 37361 | Abyss:2  | Found a corrupted altar of Lugonu.
 37476 | Abyss:3  | Found a corrupted altar of Lugonu.
 37854 | Elf:3    | Escaped the Abyss
 37873 | Elf:3    | Received a gift from Trog
 37885 | Elf:3    | Identified the +9 hand axe of Ossomuf {heavy, Will+ rCorr
                  | Dex-5}
 37893 | Elf:3    | Identified the ring "Imonixiple" {MP+9 Str+4}
 38187 | Elf:3    | Identified the +6 great sword of a ziggurat {freeze, MP+9
                  | SInv}
 38211 | Elf:3    | Identified the +1 bardiche of Darkness {distort, rN+ rCorr}
 38370 | Elf:3    | Identified the staff of poison "Leddiad" {rPois Dex+4}
 38377 | Elf:3    | Found the +2 pair of slick slippers {slick, slippery, EV+4}
 38396 | Elf:3    | Identified the +3 leather armour of Obbilumn {Contam rElec
                  | rF++ Stlth+}
 38413 | Elf:3    | Identified the staff of cold "Faqitih" {+Blink rF- rC+
                  | Int+2 Dex+8}
 39502 | Slime:1  | Entered Level 1 of the Pits of Slime
 39915 | Slime:1  | Reached XP level 22. HP: 158/158 MP: 22/22
 40316 | Slime:2  | Gained mutation: You are clumsy. (Dex -2) [a shining eye]
 40611 | Slime:2  | Found a one-way gate to the infinite horrors of the Abyss.
 40726 | Slime:2  | Reached skill level 23 in Fighting
 40789 | Slime:2  | Received a gift from Trog
 41998 | Slime:4  | Received a gift from Trog
 42706 | Slime:5  | Entered Level 5 of the Pits of Slime
 42932 | Slime:5  | Received a gift from Trog
 43076 | Slime:5  | Noticed the Royal Jelly
 43430 | Slime:5  | Found a viscous altar of Jiyva.
 44174 | Slime:4  | HP: 7/160 [rockslime[the Royal Jelly] (12)]
 44175 | Slime:4  | Mangled by a rockslime

Illustrated notes

Levels and vault maps discovered:
D:1:      moated_graveyard_arrival, layout_basic
D:2:      layout_basic, minmay_vboxes
D:3:      layout_basic, mainiacjoe_overflow_paths, portal_sewer_entry_b,
          grunt_decor_arrowhead, columned_hall_lemuel
D:4:      layout_basic
D:5:      layout_loops_corners, mainiacjoe_overflow_alcove_1, temple_hall
D:6:      layout_gridville, minivault_26, chequers_avenue, uniq_pikel,
          uniq_maggie, uniq_duvessa, uniq_crazy_yiuf_cottage
D:7:      layout_gridville, enter_ossuary_5, uniq_prince_ribbit1
D:8:      layout_loops_ring, mainiacjoe_overflow_chevrons, grunt_ogre_cave,
          uniq_grum, uniq_gastronok, uniq_psyche
D:9:      layout_rooms, kennysheep_little_box, marbit_many_paths,
          grunt_temple_overflow_open, erik_lair_dragon, orc_0_dummy,
          lightli_minifort, uniq_joseph, uniq_amaemon
D:10:     layout_cave_pools
D:11:     layout_irregular_city, uniq_lodul
D:12:     layout_layer_cave, uniq_kirke, uniq_josephine
D:13:     layout_long_grid, david_vaults_2, grunt_qazlal_clouds, uniq_frances,
          uniq_sonja
D:14:     layout_roguey, good_gods_mini_temple, lemuel_freeze_loot_1, uniq_agnes
D:15:     grunt_enter_depths_hoard, layout_loops_cross, serial_shops,
          nicolae_shop_bloodbath_and_beyond, okawaru_metal_pillars_1_2,
          minivault_13
Lair:1:   layout_chaotic_city, nicolae_lair_lakeside_cave
Lair:2:   layout_regular_city, nicolae_shoals_entry_roost,
          gammafunk_ghost_wrathful_warriors, lemuel_fruit_tree,
          grunt_megastairs_5
Lair:3:   layout_roguey, minmay_snake_entry_guardpost_large,
          portal_ice_cave_entry_ice_simulacra, ebering_ghost_funeral_grove,
          hangedman_lair_unloving_vines, grunt_megastairs_3
Lair:4:   layout_concentric_octagons, serial_bayou_shore_a, lemuel_fruit_fields
Lair:5:   evilmike_catoblepas_cave, layout_gridlike, dpeg_slime_entry_corner,
          st_stairs_3, hibernation_bobbens, serial_bayou_shore_b
Shoals:1: layout_shoals, nicolae_shoals_shepherds, uniq_aizul
Shoals:2: layout_shoals
Shoals:3: layout_shoals, lemuel_centaur_altar, uniq_louise, uniq_polyphemus
Shoals:4: shoals_end_simple, layout_shoals, uniq_bai_suzhen
Snake:1:  layout_onion, nicolae_snake_single_loop
Snake:2:  layout_chambers, nrook_loot_triangle, grunt_megastairs_4, uniq_vashnia
Snake:3:  layout_misc_corridors, ebering_ghost_gozag
Snake:4:  minmay_snake_end_coiled, layout_cave_town, st_stairs_2,
          minmay_shop_grove
Slime:1:  layout_caves
Slime:2:  layout_caves, amcnicky_altar_lugonu_corruption
Slime:3:  layout_caves
Slime:4:  layout_caves
Slime:5
Orc:1:    layout_caves, uniq_harold
Orc:2:    hellmonk_orc_salted, layout_diamond_mine, uniq_maurice
Elf:1:    eino_elf_arrival_customs, layout_loops_cross, basic_altar,
          serial_shops, shop_coins, evilmike_minifort, minmay_elf_annihilation
Elf:2:    elven_hall_of_blades_hangedman_alternative
          [nicolae_blade_entry_diamond_columns], layout_geoelf_octagon,
          serial_shops, shop, uniq_jorgrun, uniq_saint_roka, uniq_asterion
Elf:3:    minmay_elf_hall_hex, layout_geoelf_octagon, serial_shops,
          nicolae_lakefront_shop, patterned_corridor

Skill      XL: |  1  2  3  4  5  6  7  8  9 10 11 12 13 14 15 16 17 18 19 20 21 22 |
---------------+-------------------------------------------------------------------+-----
Axes           | 3 4 5 6 7 8 10 11 12 13 14 16 17 18 19 21 22 | 22.6
Dodging        | 2 3 4 5 |  5.9
Stealth        | 1 |  1.0
Fighting       | 4 5 6 8 9 10 11 13 14 16 17 18 19 20 21 22 23 | 23.5
Armour         | 3 5 7 9 10 12 13 14 15 17 18 19 20 21 | 21.5
Shields        | 1 2 3 4 6 8 9 11 12 14 15 16 17 | 17.9
Unarmed Combat | 1 |  1.9
Ranged Weapons | |  0.7

Action                     |  1- 3 |  4- 6 |  7- 9 | 10-12 | 13-15 | 16-18 | 19-21 | 22-24 || total
---------------------------+-------+-------+-------+-------+-------+-------+-------+-------++-------
  Melee: Hand axe          |    94 |   157 |       |    38 |    83 |       |    63 |   471 ||   906
         Punch             |     1 |     2 |     1 |       |       |       |     3 |       ||     7
         War axe           |       |    31 |   208 |   385 |   771 |  1143 |  1523 |       ||  4061
         Unarmed           |       |       |       |    32 |       |       |       |       ||    32
         Headbutt          |       |       |       |       |       |       |   117 |   175 ||   292
   Fire: Sling             |       |       |       |     3 |       |       |       |       ||     3
 Invoke: Berserk           |     1 |     3 |     7 |    19 |    12 |    13 |     9 |     7 ||    71
         Brothers in Arms  |       |       |       |     1 |     3 |     3 |     6 |     7 ||    20
         Trog's Hand       |       |       |       |     1 |     2 |     2 |       |     2 ||     7
  Evoke: Wand              |       |       |       |       |     1 |       |       |     1 ||     2
         Phial of floods   |       |       |       |       |       |       |       |     1 ||     1
    Use: Scroll            |     1 |    16 |    10 |    14 |     6 |     2 |     4 |     2 ||    55
         Potion            |       |       |       |     6 |     5 |     5 |    14 |    12 ||    42
   Stab: Sleeping          |     1 |     1 |       |       |       |       |       |       ||     2
         Confused          |       |       |       |     2 |       |       |       |       ||     2
         Distracted        |       |       |       |       |       |     1 |     2 |       ||     3
 Armour: Animal skin       |    51 |   116 |    18 |       |       |       |       |       ||   185
         Chain mail        |       |       |    74 |   260 |   324 |       |       |       ||   658
         Skin              |       |       |       |     4 |       |       |       |       ||     4
         Plate armour      |       |       |       |       |   134 |   623 |   728 |   409 ||  1894
  Dodge: Dodged            |    82 |   184 |   105 |   220 |   265 |   276 |   307 |   146 ||  1585
  Block: Kite shield       |       |       |    22 |   190 |   457 |  1101 |  1015 |   489 ||  3274
         Reflection        |       |       |       |       |       |   167 |   115 |     2 ||   284
         Other             |       |       |       |       |       |       |    23 |       ||    23
